 Dungeon Crawl Stone Soup version 0.21-a0-110-g8e1637b (webtiles) character file.

840 nikopol the Magician (level 7, -2/37 HPs)
             Began as a Deep Elf Fire Elementalist on July 7, 2017.
             Was an Initiate of Vehumet.
             Succumbed to a water moccasin's poison
             ... on level 6 of the Dungeon.
             The game lasted 00:25:21 (5313 turns).

nikopol the Magician (Deep Elf Fire Elementalist)   Turns: 5313, Time: 00:25:21

Health: -2/37      AC:  4    Str:  5    XL:     7   Next: 67%
Magic:  10/19      EV: 14    Int: 22    God:    Vehumet [......]
Gold:   231        SH:  0    Dex: 15    Spells: 9/20 levels left

rFire    . . .     SeeInvis .   i - +0 dagger
rCold    . . .     Gourm    .   (no shield)
rNeg     . . .     Faith    .   a - +0 robe
rPois    .         Spirit   .   (no helmet)
rElec    .         Reflect  .   o - +2 cloak
rCorr    .         Harm     .   r - -2 pair of gloves (curse)
MR       .....                  (no boots)
Stlth    ++........             (no amulet)
HPRegen  0.12/turn              (no ring)
MPRegen  0.16/turn              (no ring)

@: lethally poisoned (-2 -> -32), hasted, very quick
A: no striking features
a: Renounce Religion


You were on level 6 of the Dungeon.
You worshipped Vehumet.
Vehumet was noncommittal.
You were not hungry.

You visited 1 branch of the dungeon, and saw 6 of its levels.

You collected 231 gold pieces.

Inventory:

Hand Weapons
 i - a +0 dagger (weapon)
Armour
 a - a +0 robe (worn)
 o - a +2 cloak (worn)
 r - a cursed -2 pair of gloves (worn)
Jewellery
 y - an uncursed ring of positive energy {unknown}
Wands
 w - a wand of iceblast (4/15)
Scrolls
 d - 9 scrolls of identify {unknown}
 g - a scroll of amnesia {unknown}
 h - 5 scrolls of random uselessness {unknown}
 j - 3 scrolls of recharging {unknown}
 l - 4 scrolls of remove curse {unknown}
 n - a scroll of teleportation {unknown}
 p - a scroll of enchant weapon {unknown}
 u - a scroll of enchant armour {unknown}
 x - a scroll of magic mapping {unknown}
Potions
 e - a potion of haste
 k - 5 potions of curing {unknown}
 m - a potion of mutation {unknown}
 s - a potion of brilliance {unknown}
 v - a potion of lignification {unknown}
Books
 b - a book of Flames

   Spells                             Type                      Level
   a - Flame Tongue                   Conjuration/Fire             1
   b - Throw Flame                    Conjuration/Fire             2
   c - Conjure Flame                  Conjuration/Fire             3
   d - Inner Flame                    Hexes/Fire                   3
   e - Sticky Flame                   Conjuration/Fire             4
   f - Fireball                       Conjuration/Fire             5
Comestibles
 c - 5 bread rations
 f - 5 royal jellies
 q - 3 meat rations


   Skills:
 + Level 0.4 Fighting
 + Level 4.1 Dodging
 + Level 3.2 Stealth
 + Level 7.1 Spellcasting
 + Level 4.6 Conjurations
 + Level 5.9 Fire Magic


You had 9 spell levels left.
You knew the following spells:

 Your Spells              Type           Power        Failure   Level  Hunger
a - Flame Tongue          Conj/Fire      ####.        1%          1    None
b - Throw Flame           Conj/Fire      ####..       1%          2    None
c - Conjure Flame         Conj/Fire      ####....     2%          3    None
d - Fireball              Conj/Fire      ####......   26%         5    #####..


Dungeon Overview and Level Annotations

Branches:
Dungeon (6/15)             Temple (0/1) D:4

Altars:
Gozag
Kikubaaqudgha
Makhleb
Qazlal
Trog
Vehumet
Xom

Annotations:
D:4 nikopol's ghost, amateur DEFE
D:5 Eustachio


Message History

The water moccasin is almost dead.
* * * LOW HITPOINT WARNING * * *
You feel sick. The water moccasin bites you.
* * * LOW HITPOINT WARNING * * *
You are more poisoned.
The water moccasin poisons you!
Casting: Flame Tongue
Confirm with . or Enter, or press ? or * to list all spells.
Aiming: Flame Tongue
Press: ? - help, Shift-Dir - straight line, f/p - water moccasin
Aim: a water moccasin (almost dead)
The flame tongue hits the water moccasin.
You kill the water moccasin!
Vehumet accepts your kill.
Your Spellcasting skill increases to level 7!
* * * LOW HITPOINT WARNING * * *
You feel sick. The jackal bites you.
* * * LOW HITPOINT WARNING * * *
It was a potion of haste.
You feel yourself speed up.
You die...

####.#..###.#
#...........#
#.####.####.#
###.##.....##
...#.......# #.#)......#o
#))..._.)...#
#h#h......#.#
##@#.......#... #
#..##.....## ## #. #
#..####.### ...#.#####
#.........
.#.#.#.#.######.#..#####.
#.#.#.#.#.##...........
.#.#.#.#.#......#######
#.#.#.#.#.##.##.#
.#.#.#.#.###.##...


You could see a jackal.

Vanquished Creatures
  A water moccasin (D:6)
  A black bear (D:4)
  An ogre (D:4)
  A phantom (D:4)
  A bullfrog zombie (D:6)
  A quasit (D:5)
  An orc wizard (D:6)
  Crazy Yiuf (D:2)
  An orc priest (D:6)
  2 hounds
  3 worker ants
  2 hound skeletons
  8 adders
  An adder skeleton (D:4)
  A worm (D:3)
  5 dart slugs
  A leopard gecko (D:2)
  9 orcs
  4 bats
  5 giant cockroaches
  7 goblins
  10 hobgoblins
  5 jackals
  4 kobolds
  3 quokkas (D:4)
  3 ball pythons
  5 frilled lizards
  A jackal skeleton (D:4)
  A leopard gecko skeleton (D:4)
  8 rats
97 creatures vanquished.

Notes
Turn   | Place    | Note
-------+----------+-------------------------------------------
     0 | D:1      | nikopol the Deep Elf Fire Elementalist began the quest for the Orb.
     0 | D:1      | Reached XP level 1. HP: 10/10 MP: 6/6
   178 | D:1      | Reached XP level 2. HP: 15/15 MP: 1/8
   942 | D:2      | Found a runed door.
   948 | D:2      | Learned a level 2 spell: Throw Flame
   949 | D:2      | Noticed Crazy Yiuf
   987 | D:2      | Killed Crazy Yiuf
   987 | D:2      | Reached XP level 3. HP: 10/19 MP: 1/10
  1131 | D:2      | Reached XP level 4. HP: 22/24 MP: 8/11
  1305 | D:2      | Found an opulent altar of Gozag.
  1389 | D:2      | Reached skill level 4 in Spellcasting
  1575 | D:2      | Found a bloodstained altar of Trog.
  1577 | D:2      | Found a shimmering altar of Xom.
  1588 | D:2      | Learned a level 3 spell: Conjure Flame
  2145 | D:3      | Found an ancient bone altar of Kikubaaqudgha.
  2716 | D:3      | Reached XP level 5. HP: 24/28 MP: 3/13
  2797 | D:3      | Learned a level 5 spell: Fireball
  2973 | D:4      | Noticed a phantom
  2975 | D:4      | Found a staircase to the Ecumenical Temple.
  3232 | D:4      | Killed a phantom
  3232 | D:4      | Reached skill level 5 in Spellcasting
  3232 | D:4      | Reached skill level 5 in Fire Magic
  3335 | D:4      | Found a radiant altar of Vehumet.
  3351 | D:4      | Became a worshipper of Vehumet
  3376 | D:4      | Reached XP level 6. HP: 32/32 MP: 5/15
  3511 | D:4      | Noticed nikopol's ghost (amateur DEFE)
  4017 | D:4      | Found a burning altar of Makhleb.
  4101 | D:4      | Reached skill level 6 in Spellcasting
  4278 | D:4      | Reached XP level 7. HP: 31/36 MP: 14/18
  4393 | D:5      | Entered Level 5 of the Dungeon
  4825 | D:5      | Noticed Eustachio
  4986 | D:6      | Found a stormy altar of Qazlal.
  5312 | D:6      | Reached skill level 7 in Spellcasting
  5312 | D:6      | HP: 1/37 [jackal (2)]
  5313 | D:6      | Succumbed to a water moccasin's poison

Vault maps used:
D:1:      co_arrival_square_in_a_square_in_a_square
D:2:      nicolae_gozag_seed_capital, grunt_temple_overflow_open, first_bread,
          uniq_crazy_yiuf_cottage
D:3:      overflow_temple_1_default
D:4:      black_bear_nest_1, demons_altar, vehumet_crystals,
          minmay_temple_entry_junction
D:5:      uniq_eustachio
D:6:      old_standard_altar, minivault_23, kennysheep_generic_room_11

Skill      XL: |  1  2  3  4  5  6  7 |
---------------+----------------------+-----
Fire Magic     | 4 5 |  5.9
Spellcasting   | 4 5 6 7 |  7.1
Conjurations   | 2 3 4 |  4.6
Stealth        | 3 |  3.2
Dodging        | 3 4 |  4.1
Fighting       | |  0.4

Action                   |  1- 3 |  4- 6 |  7- 9 || total
-------------------------+-------+-------+-------++-------
 Cast: Flame Tongue      |    48 |   145 |    68 ||   261
       Throw Flame       |     2 |    16 |     1 ||    19
       Conjure Flame     |       |     3 |     4 ||     7
  Use: Potion            |       |       |     1 ||     1
  Eat: Chunk             |       |    10 |     3 ||    13
Armor: Robe              |     5 |    15 |     2 ||    22
Dodge: Dodged            |     4 |    47 |    26 ||    77
